 Dungeon Crawl Stone Soup version 0.21.1-1-g345015f (webtiles) character file.

884 letownia2 the Grappler (level 7, -20/99 HPs)
             Began as a Troll Hunter on Feb 24, 2018.
             Was an Initiate of Cheibriados.
             Killed from afar by Mirai's ghost (24 damage)
             ... with a stone arrow
             ... on level 8 of the Dungeon.
             The game lasted 00:11:25 (1186 turns).

letownia2 the Grappler (Troll Hunter)               Turns: 1186, Time: 00:11:25

Health: -20/99     AC: 23    Str: 22    XL:     7   Next: 76%
Magic:  6/6        EV:  1    Int:  8    God:    Cheibriados [......]
Gold:   65         SH:  0    Dex: 13    Spells: 3/6 levels left

rFire    . . .     SeeInvis .     - Unarmed
rCold    . . .     Gourm    +   (no shield)
rNeg     + + +     Faith    .   (armour currently unavailable)
rPois    +         Spirit   .   (helmet currently unavailable)
rElec    .         Reflect  .   (cloak currently unavailable)
rCorr    .         Harm     .   (gloves unavailable)
MR       .....     NoTele   +   (boots unavailable)
Stlth    +.........             (no amulet)
HPRegen  0.66/turn              (no ring)
MPRegen  0.10/turn              (no ring)

@: tree-form, very slow
A: large, unfitting armour, fast metabolism 3, gourmand, regeneration 1
a: Bend Time, Renounce Religion


You were on level 8 of the Dungeon.
You worshipped Cheibriados.
Cheibriados was noncommittal.
You were very full.
You were a tree.
You visited 2 branches of the dungeon, and saw 9 of its levels.

You collected 65 gold pieces.

Inventory:

Hand Weapons
 a - a +0 short sword
 k - the cursed +0 falchion "Haxtera" {slice, rF+ rC+ rN+, unknown}
   (You found it on level 4 of the Dungeon)

   It inflicts extra damage upon your enemies.
   It protects you from fire.
   It protects you from cold.
   It protects you from negative energy.
   It has a curse placed upon it.
Missiles
 c - 5 large rocks (quivered)
 d - 2 throwing nets
Armour
 b - a +0 robe (melded)
Jewellery
 o - an uncursed ring of fire
Wands
 n - a wand of acid (7)
 r - a wand of disintegration (14)
Scrolls
 e - 2 scrolls of remove curse
 g - a scroll of identify {unknown}
Potions
 h - a potion of lignification
 i - a potion of mutation {unknown}
 j - a potion of curing {unknown}
 l - a potion of might {unknown}
Books
 m - a book of Air

   Spells                             Type                      Level
   a - Shock                          Conjuration/Air              1
   b - Swiftness                      Charms/Air                   2
   c - Static Discharge               Conjuration/Air              3
   d - Airstrike                      Air                          4
   e - Lightning Bolt                 Conjuration/Air              5
 q - a book of Debilitation

   Spells                             Type                      Level
   a - Corona                         Hexes                        1
   b - Slow                           Hexes                        2
   c - Inner Flame                    Hexes/Fire                   3
   d - Portal Projectile              Hexes/Translocation          3
   e - Cause Fear                     Hexes                        4
   f - Leda's Liquefaction            Hexes/Earth                  4
Comestibles
 f - 6 rations
 p - a chunk of flesh


   Skills:
 + Level 2.8 Fighting
 - Level 3.6 Throwing
 - Level 1.5 Dodging
 - Level 0.3 Stealth
 + Level 8.3 Unarmed Combat


You had 3 spell levels left.
You knew the following spells:

 Your Spells              Type           Power        Failure   Level  Hunger
j - Portal Projectile     Hex/Tloc       #.....       78%         3    ####...


Dungeon Overview and Level Annotations

Branches:
Dungeon (8/15)             Temple (1/1) D:4
   Lair: D:8-11

Altars:
Cheibriados
Dithmenos
Fedhas
Gozag
Hepliaklqana
Makhleb
Nemelex Xobeh
Okawaru
Ru
Sif Muna
Trog
Vehumet
Wu Jian
Yredelemnul
Zin
The Shining One

Shops:
D:4 [

Annotations:
D:8 Mirai's ghost, novice GrEE


Innate Abilities, Weirdness & Mutations

You are too large for most types of armour.
((You have claws for hands.))
Your metabolism is lightning-fast.
You like to eat raw meat.
Your natural rate of healing is unusually fast.
((You are covered in fur. (AC +1)))
((You have very tough skin. (AC +2)))


Message History

* * * LOW HITPOINT WARNING * * *
x2 Unknown command.
Unknown command.
It was a potion of lignification.
You turn into a tree.
Your +0 robe melds into your body.
Your roots penetrate the ground.
Mirai's ghost hits you but does no damage.
You pummel Mirai's ghost!!
Mirai's ghost is moderately damaged.
Mirai's ghost points at you and mumbles some strange words.
The stone arrow hits you!
* * * LOW HITPOINT WARNING * * *
You smack Mirai's ghost!
Mirai's ghost is severely damaged.
Mirai's ghost hits you but does no damage.
Unknown command.
You hit Mirai's ghost.
Mirai's ghost is severely damaged.
Mirai's ghost casts a spell at you. The stone arrow hits you!
You die...

#.# #.# #.# #.#
#.#####
..####.....#
#.......##.#
#######.##.##
.......W♣(..#
................
.######.##..####
#.# ..# #.# .#
#.# .# #.# # #.


You could see Mirai's ghost.

Vanquished Creatures
  The ghost of Autsider the Ruffian, an amateur TrAM (D:4)
  A steam dragon (D:8)
  A centaur (D:8)
  2 scorpions (D:5)
  A crimson imp (D:6)
  A jelly (D:5)
  2 orc priests
  A bullfrog skeleton (D:5)
  2 iguanas
  An orc wizard (D:4)
  A worker ant (D:4)
  2 gnolls (D:2)
  4 adders
  2 worms
  3 leopard geckos
  8 orcs
  4 bats
  A giant cockroach (D:1)
  2 goblins
  3 hobgoblins
  8 jackals (D:4)
  4 frilled lizards
  4 kobolds
  3 rats
62 creatures vanquished.

Notes
Turn   | Place    | Note
-------+----------+-------------------------------------------
     0 | D:1      | letownia2 the Troll Hunter began the quest for the Orb.
     0 | D:1      | Reached XP level 1. HP: 19/19 MP: 0/0
    41 | D:1      | Reached skill level 1 in Unarmed Combat
    99 | D:1      | Reached XP level 2. HP: 25/27 MP: 1/1
   120 | D:2      | Reached skill level 2 in Unarmed Combat
   122 | D:2      | Reached XP level 3. HP: 33/33 MP: 2/2
   146 | D:2      | Reached skill level 3 in Unarmed Combat
   311 | D:4      | Reached skill level 4 in Unarmed Combat
   311 | D:4      | Reached XP level 4. HP: 33/41 MP: 3/3
   344 | D:4      | Noticed Autsider's ghost (amateur TrAM)
   344 | D:4      | Reached XP level 5. HP: 18/48 MP: 4/4
   349 | D:4      | Reached skill level 5 in Unarmed Combat
   405 | D:4      | Killed Autsider's ghost
   405 | D:4      | Reached skill level 6 in Unarmed Combat
   405 | D:4      | Reached XP level 6. HP: 26/55 MP: 5/5
   428 | D:4      | You fall through a shaft for 2 floors!
   436 | D:5      | Entered Level 5 of the Dungeon
   477 | D:5      | Reached skill level 7 in Unarmed Combat
   482 | D:5      | Reached XP level 7. HP: 45/62 MP: 6/6
   643 | D:4      | Found Wamerr's Armour Shop.
   644 | D:4      | Found a staircase to the Ecumenical Temple.
   654 | Temple   | Entered the Ecumenical Temple
   728 | Temple   | Became a worshipper of Cheibriados the Contemplative
   783 | D:4      | Got a jewelled falchion
  1041 | D:8      | Reached skill level 8 in Unarmed Combat
  1063 | D:8      | Noticed a steam dragon
  1073 | D:8      | Killed a steam dragon
  1098 | D:8      | Learned a level 3 spell: Portal Projectile
  1179 | D:8      | Noticed Mirai's ghost (novice GrEE)
  1184 | D:8      | HP: 3/99 [Mirai's ghost/stone arrow (14)]
  1186 | D:8      | Killed from afar by Mirai's ghost

Skill      XL: |  1  2  3  4  5  6  7 |
---------------+----------------------+-----
Unarmed Combat | 1 2 4 6 7 8 |  8.3
Fighting       | 2 |  2.8
Throwing       | |  3.6
Dodging        | |  1.5
Stealth        | |  0.3

Action                   |  1- 3 |  4- 6 |  7- 9 || total
-------------------------+-------+-------+-------++-------
Melee: Unarmed           |    92 |    39 |    69 ||   200
       Punch             |       |     3 |     1 ||     4
Evoke: Wand              |       |       |     1 ||     1
  Use: Scroll            |       |       |     1 ||     1
       Potion            |       |       |     1 ||     1
 Stab: Sleeping          |       |       |     1 ||     1
  Eat: Chunk             |     7 |     1 |     8 ||    16
Armor: Robe              |    57 |     6 |    17 ||    80
       Skin              |       |       |     2 ||     2
Dodge: Dodged            |    64 |    11 |    42 ||   117
